 Dungeon Crawl Stone Soup version 0.17-a0-484-g0e03f6a (webtiles) character file.

84 Kisielow the Insei (level 4, -10/32 HPs)
             Began as a Merfolk Transmuter on Apr 10, 2015.
             Mangled by a gnoll
             ... wielding a +0 halberd
              (11 damage)
             ... on level 3 of the Dungeon.
             The game lasted 00:06:42 (2576 turns).

Kisielow the Insei (Merfolk Transmuter)             Turns: 2576, Time: 00:06:42

Health: -10/32     AC:  2    Str: 10    XL:     4   Next: 46%
Magic:  0/7        EV: 13    Int: 13    God:
Gold:   74         SH:  0    Dex: 14    Spells: 2 memorised, 3 levels left

rFire  . . .     SeeInvis +       - Unarmed
rCold  . . .     Clarity  .     c - +0 robe
rNeg   . . .     SustAb   .     (no shield)
rPois  .         Gourm    .     (no helmet)
rElec  .         Spirit   .     (no cloak)
rCorr  .         Warding  .     (no gloves)
rMut   +         Stasis   .     (no boots)
MR     .....                    k - amulet of resist mutation
Stlth  +.........               (no ring)
                                h - ring of see invisible

@: appendage, very slightly contaminated, not resistant to hostile enchantments,
very unstealthy
A: change form in water, swift swim, horns 2
a: End Transformation


You were on level 3 of the Dungeon.
You were hungry.
You had grown temporary horns.
You visited 1 branch of the dungeon, and saw 3 of its levels.

You collected 74 gold pieces.

Inventory:

Missiles
 b - 12 arrows
Armour
 c - a +0 robe (worn)
Jewellery
 h - a ring of see invisible (left hand)
 k - an amulet of resist mutation (around neck)
Scrolls
 f - a scroll of enchant armour {unknown}
 i - 2 scrolls of teleportation {unknown}
 j - a scroll of remove curse {unknown}
 l - 2 scrolls of amnesia {unknown}
 m - a scroll of identify {unknown}
 p - a scroll of blinking {unknown}
 q - a scroll of noise {unknown}
Potions
 e - a potion of cancellation {unknown}
 g - 3 potions of curing {unknown}
 o - a potion of poison {unknown}
Books
 d - a book of Changes

   Spells                             Type                      Level
   a - Beastly Appendage              Transmutation                1
   b - Sticks to Snakes               Transmutation                2
   c - Spider Form                    Transmutation/Poison         3
   d - Ice Form                       Ice/Transmutation            4
   e - Blade Hands                    Transmutation                5
Miscellaneous
 n - a plain deck of summoning
Comestibles
 a - 3 bread rations


   Skills:
 - Level 1.1 Fighting
 - Level 2.6 Dodging
 - Level 4.5 Unarmed Combat
 - Level 2.0 Spellcasting
 * Level 4.0 Transmutations
 * Level 1.6 Poison Magic


You had 3 spell levels left.
You knew the following spells:

 Your Spells              Type           Power        Failure   Level  Hunger
a - Beastly Appendage     Trmt           ##....       6%          1    ##.....
s - Spider Form           Trmt/Pois      #.........   28%         3    ####...


Dungeon Overview and Level Annotations

Branches:
Dungeon (3/15)

Altars:
Nemelex Xobeh


Innate Abilities, Weirdness & Mutations

You revert to your normal form in water.
You are very nimble and swift while swimming.
You have a pair of horns on your head.


Message History

Wisps of poison gas drift from your hands.
You are feeling hungry.
The gnoll hits you.
Casting: Spider Form
Confirm with . or Enter, or press ? or * to list all spells.
You grow a pair of large bovine horns.
The gnoll barely misses you.
The gnoll hits you from afar with a halberd!
The gnoll closely misses you.
You closely miss the gnoll. You headbutt the gnoll.
The gnoll is moderately wounded.
The gnoll hits you but does no damage.
The gnoll hits you from afar with a halberd!
* * * LOW HITPOINT WARNING * * *
The gnoll misses you.
You closely miss the gnoll.
The gnoll is moderately wounded.
The gnoll hits you with a flail!
* * * LOW HITPOINT WARNING * * *
The gnoll hits you from afar with a halberd!
You die...

.#.. ... .......# ..
..#...### ...
..#.....#..#).
########.#...#.#..)...
##..............#.(...
#.........##.......#
#..................#
#.##...<.#.##.g@##
#######....#g#
######g## #...g.#
#...#.# #...#'###'##
....##...........
.................
.................


You could see 4 gnolls.

Vanquished Creatures
  A gnoll (D:1)
  An adder (D:2)
  A worm (D:2)
  2 giant geckos (D:1)
  3 oozes
  A ball python (D:1)
  3 giant cockroaches
  8 goblins
  3 hobgoblins
  3 jackals (D:1)
  5 kobolds (D:1)
  6 bats
  6 giant newts
  13 rats
56 creatures vanquished.

Notes
Turn   | Place    | Note
--------------------------------------------------------------
     0 | D:1      | Kisielow, the Merfolk Transmuter, began the quest for the Orb.
     0 | D:1      | Reached XP level 1. HP: 15/15 MP: 3/3
   596 | D:1      | Reached XP level 2. HP: 15/21 MP: 3/5
   805 | D:1      | Reached skill level 4 in Unarmed Combat
  1222 | D:1      | Reached XP level 3. HP: 26/26 MP: 4/6
  1227 | D:1      | Learned a level 3 spell: Spider Form
  1662 | D:2      | Reached skill level 1 in Poison Magic
  1662 | D:2      | Reached XP level 4. HP: 25/32 MP: 3/7
  1906 | D:2      | Found a sparkling altar of Nemelex Xobeh.
  2576 | D:3      | HP: 1/32 [gnoll/flail (7)]
  2576 | D:3      | Mangled by a gnoll

Action                   |  1- 3 |  4- 6 || total
-------------------------+-------+-------++-------
Melee: Unarmed           |   102 |    59 ||   161
 Cast: Beastly Appendage |    19 |    10 ||    29
       Spider Form       |     2 |     7 ||     9
 Stab: Sleeping          |     1 |     1 ||     2
  Eat: Chunk             |     2 |     5 ||     7
